 Dungeon Crawl Stone Soup version 0.30.0-19-g36f170ea60 (webtiles) character file.

Game seed: 14535393771948504087

8 PaiMei the Chiller (level 2, -1/19 HPs)
             Began as a Merfolk Ice Elementalist on May 30, 2023.
             Slain by a dart slug (2 damage)
             ... on level 1 of the Dungeon.
             The game lasted 00:00:38 (130 turns).

PaiMei the Chiller (Merfolk Ice Elementalist)        Turns: 130, Time: 00:00:39

Health: -1/19      AC:  2    Str:  8    XL:     2   Next: 8%
Magic:  0/5        EV: 13    Int: 14    God:
Gold:   23         SH:  0    Dex: 14    Spells: 4/5 levels left

rFire   . . .        c - +0 mace
rCold   . . .        (no shield)
rNeg    . . .        a - +0 robe
rPois   .            (no helmet)
rElec   .            (no cloak)
rCorr   .            (no gloves)
SInv    .            (no boots)
Will    .....        (no amulet)
Stlth   ++           (no ring)
HPRegen 0.23/turn    (no ring)
MPRegen 0.09/turn

%: no passive effects
@: no status effects
A: (nimble swimmer 2), mertail
a: no special abilities


You were on level 1 of the Dungeon.
You visited 1 branch of the dungeon, and saw 1 of its levels.

You collected 23 gold pieces.

Inventory:

Hand Weapons
 c - a +0 mace (weapon)
Armour
 a - a +0 robe (worn)
 d - a +0 leather armour
Potions
 b - a potion of magic


   Skills:
 + Level 3.0 Dodging
 + Level 2.4 Stealth
 + Level 2.1 Spellcasting
 + Level 4.5 Ice Magic


You had 4 spell levels left.
You knew the following spells:

 Your Spells              Type           Power      Damage    Failure   Level
a - Freeze                Ice            56%        1d7       3%          1

Your spell library contained the following spells:

 Spells                   Type           Power      Damage    Failure   Level
 Frozen Ramparts          Ice            28%        1d5       11%         3
 Ozocubu's Armour         Ice            14%        N/A       11%         3
 Summon Ice Beast         Ice/Summ       7%         N/A       67%         4


Dungeon Overview and Level Annotations

Branches:
Dungeon (1/15)

Altars:


Innate Abilities, Weirdness & Mutations

((You are very nimble when in or above water. (Stealth+, EV+, Speed+++)))
Your lower body shifts to a powerful aquatic tail in water.


Message History

You hit the ball python but do no damage.
The ball python bites you. The ball python constricts you.
You closely miss the ball python.
The ball python bites you but does no damage.
The ball python constricts you. The ball python bites you.
The ball python constricts you.
Casting: Freeze (safe; 3% risk of failure)
Confirm with . or Enter, or press ? or * to list all spells.
Aiming: Freeze (safe; 3% risk of failure)
Press: ? - help, Shift-Dir - straight line, f - ball python
Aim: a ball python (constricting you)
You freeze the ball python.
The ball python is moderately wounded.
The ball python bites you.
* * * LOW HITPOINT WARNING * * *
The ball python constricts you.
* * * LOW HITPOINT WARNING * * *
You escape the ball python's grasp.
You hit the ball python.
The ball python is severely wounded.
The ball python completely misses you. The ball python barely misses you. x2
The ball python misses you.
You hit the ball python.
You kill the ball python!
The dart slug launches a dart at you. The slug dart misses you.
Your Dodging skill increases to level 3!
The dart slug launches a dart at you. The slug dart hits you.
* * * LOW HITPOINT WARNING * * *
Casting: Freeze (safe; 3% risk of failure)
Confirm with . or Enter, or press ? or * to list all spells.
You don't have enough magic to cast this spell.
You hit the dart slug.
The dart slug is lightly wounded.
The dart slug closely misses you.
You hit the dart slug but do no damage.
The dart slug is lightly wounded.
The dart slug bites you.
You die...

..>#..# ..#.? #....#.#
#..w##.# #...##.#
##### ##.#....#.#
#...# ....$....#.#
#...# .#.#####.#.#
#...##
#....@wr#.#######...#.
#######......)..'.....
.[.........#####.....
##########...###.....
###.....)#..
######.##+ #.....
#.##). #.# ..


You could see a dart slug and a rat.

Vanquished Creatures
  A ball python (D:1)
  A bat (D:1)
  A goblin (D:1)
  2 hobgoblins (D:1)
  2 kobolds (D:1)
7 creatures vanquished.

Notes
Turn   | Place    | Note
-------+----------+-------------------------------------------
     0 | D:1      | PaiMei the Merfolk Ice Elementalist began the quest for the
                  | Orb.
     0 | D:1      | Reached XP level 1. HP: 13/13 MP: 3/3
   121 | D:1      | Reached XP level 2. HP: 14/19 MP: 0/5
   130 | D:1      | Slain by a dart slug

Illustrated notes

Levels and vault maps discovered:
D:1:      psy_arrival_conway, layout_basic, minmay_tetromino_o4

Skill      XL: |  1  2 |
---------------+-------+-----
Dodging        | 3 |  3.0
Stealth        | |  2.4
Spellcasting   | |  2.1
Ice Magic      | |  4.5

Action                     || total
---------------------------++-------
  Melee: Mace              ||    11
   Cast: Freeze            ||     6
   Stab: Sleeping          ||     1
 Armour: Robe              ||     1
  Dodge: Dodged            ||     9
